 Dungeon Crawl Stone Soup version 0.31-a0-370-g25055926c8 (webtiles) character file.

Game seed: 13364798628087695196

91 Morbidden the Changeling (level 4, 0/32 HPs)
             Began as a Formicid Shapeshifter on July 29, 2023.
             Was a Believer of Cheibriados.
             Slain by a hobgoblin
             ... wielding a +0 dagger
              (6 damage)
             ... on level 3 of the Dungeon.
             The game lasted 00:02:59 (1737 turns).

Morbidden the Changeling (Formicid Shapeshifter)    Turns: 1737, Time: 00:02:59

Health: 0/32       AC:  2    Str: 24 (26) XL:     4   Next: 87%
Magic:  4/4        EV: 13    Int: 10 (13) God:    Cheibriados [**....]
Gold:   104        SH:  0    Dex: 19 (22) Spells: 3/3 levels left

rFire   . . .        a - +0 dagger
rCold   + . .        (no shield)
rNeg    . . .        e - +0 animal skin
rPois   .            (helmet unavailable)
rElec   .            (cloak currently unavailable)
rCorr   .            (gloves currently unavailable)
SInv    +            (boots currently unavailable)
Will    .....        (no amulet)
Stlth   ++           n - ring of protection from cold
HPRegen 0.25/turn    (no ring)
MPRegen 0.09/turn

%: no passive effects
@: beast-form, very slow
A: beast (slay +2), permanent stasis, dig shafts and tunnels, antennae 3, four
strong arms
a: Dig, Shaft Self, Begin Untransformation, Renounce Religion, Bend Time


You were on level 3 of the Dungeon.
You worshipped Cheibriados.
Cheibriados was pleased with you.
You were a hulking beast.
You visited 1 branch of the dungeon, and saw 3 of its levels.

You collected 104 gold pieces.

Inventory:

Hand Weapons
 a - a +0 dagger (weapon)
 b - a +0 sling
Armour
 d - a +0 chain mail
 e - a +0 animal skin (worn)
 f - a +0 cloak
Jewellery
 n - a ring of protection from cold (left hand)
Talismans
 c - a beast talisman
Scrolls
 h - 4 scrolls of identify {unknown}
 k - 2 scrolls of enchant armour {unknown}
 m - a scroll of enchant weapon {unknown}
 o - a scroll of fog {unknown}
 p - a scroll of amnesia {unknown}


   Skills:
 * Level 1.4 Fighting
 + Level 0.9(1.0) Short Blades
 * Level 0.1(0.5) Long Blades
 * Level 0.9 Ranged Weapons
 * Level 2.2 Dodging
 + Level 1.1 Stealth
 + Level 3.1 Unarmed Combat
 + Level 0.4 Spellcasting
 * Level 0.8 Invocations
 * Level 4.1 Shapeshifting


You had 3 spell levels left.
You didn't know any spells.
Your spell library contained the following spells:

 Spells                   Type           Power      Damage    Failure   Level
 Ensorcelled Hibernation  Hex/Ice        0%         N/A       50%         2
 Portal Projectile        Hex/Tloc       0%         N/A       73%         3
 Tukima's Dance           Hex            0%         N/A       73%         3
 Anguish                  Hex/Necr       0%         N/A       98%         4
 Iskenderun's Mystic Bla  Conj/Tloc      0%         2d3       98%         4


Dungeon Overview and Level Annotations

Branches:
Dungeon (3/15)

Altars:
Cheibriados

Annotations:
D:2 Grinder
D:3 Ijyb


Innate Abilities, Weirdness & Mutations

You are a hulking beast.
Your limbs bulge with bestial killing power. (Slay +2)
You cannot be hasted, slowed, berserked, paralysed or teleported.
You can dig through walls and to a lower floor.
You have a pair of large antennae on your head. (SInv)
Your four strong arms can wield two-handed weapons with a shield.


Message History

You kill the ball python!
Cheibriados thoroughly appreciates the change of pace.
Cheibriados raises the support of your attributes as your movement slows.
Ijyb barely misses you.
You barely miss Ijyb. Ijyb hits you with a +0 dagger.
Unknown command.
You hit Ijyb but do no damage. Your punch misses Ijyb.
Ijyb hits you with a +0 dagger.
You closely miss Ijyb.
Ijyb screams, "No!
No, no, no, no!"
Ijyb hits you with a +0 dagger.
You hit Ijyb but do no damage. Ijyb hits you with a +0 dagger.
The hobgoblin shouts!
You hit Ijyb but do no damage. Ijyb closely misses you.
You hit Ijyb.
Ijyb is moderately wounded.
Ijyb misses you.
You closely miss Ijyb.
Ijyb is moderately wounded.
Ijyb barely misses you.
Press: ? - help, v - describe, . - travel
Here: Ijyb, wielding a +0 dagger, wearing a +0 ring mail and carrying a wand of iceblast (moderately wounded)
The floor.
Unknown command.
You hit Ijyb.
Ijyb is heavily wounded.
Ijyb hits you with a +0 dagger.
You hit Ijyb but do no damage.
Ijyb is heavily wounded.
Ijyb barely misses you.
Unknown command.
Unknown command.
You hit Ijyb.
Ijyb is heavily wounded.
Ijyb hits you with a +0 dagger.
Unknown command.
You closely miss the hobgoblin. Ijyb hits you with a +0 dagger.
* * * LOW HITPOINT WARNING * * *
The hobgoblin hits you with a +0 dagger.
You die...

.......{#
####..... ...
#......###+###
(...
#......#.....#
#####....
#......#.....#
#...g....
##..S###.....#
#........ ....#
#.....# #........
.#.)..)###........
#......ghg<†..#
##......#####.#
##.##### # #


You could see Ijyb and a hobgoblin.

Vanquished Creatures
  4 adders
  3 worms (D:2)
  5 bats
  3 endoplasms
  A giant cockroach (D:1)
  5 goblins
  A hobgoblin (D:1)
  4 jackals (D:2)
  4 quokkas
  5 ball pythons
  2 frilled lizards (D:1)
  2 kobolds
  6 rats
45 creatures vanquished.

Notes
Turn   | Place    | Note
-------+----------+-------------------------------------------
     0 | D:1      | Morbidden the Formicid Shapeshifter began the quest for the
                  | Orb.
     0 | D:1      | Reached XP level 1. HP: 15/15 MP: 1/1
    10 | D:1      | Found a faded altar of an unknown god.
    24 | D:1      | Prayed at the altar of an unknown god.
    24 | D:1      | Became a worshipper of Cheibriados the Contemplative
    24 | D:1      | Reached * piety under Cheibriados
    55 | D:1      | Reached XP level 2. HP: 20/21 MP: 2/2
   495 | D:1      | Reached XP level 3. HP: 21/26 MP: 3/3
   752 | D:2      | Reached ** piety under Cheibriados
   762 | D:2      | Reached skill level 1 in Stealth
   969 | D:2      | Reached skill level 4 in Shapeshifting
  1009 | D:2      | Reached XP level 4. HP: 32/32 MP: 4/4
  1564 | D:3      | Noticed Ijyb
  1564 | D:3      | Noticed Grinder
  1605 | D:2      | You fall into a shaft and drop 1 floor!
  1737 | D:3      | Slain by a hobgoblin

Illustrated notes

Levels and vault maps discovered:
D:1:      dpeg_arrival_orchard, layout_basic, basic_ecumenical_altar
D:2:      layout_basic
D:3:      layout_basic, serial_shops, shop, serial_bayou_pond_a, minmay_unequal,
          uniq_ijyb, uniq_grinder

Skill      XL: |  1  2  3 |
---------------+----------+-----
Dodging        | 2 |  2.2
Stealth        | 1 |  1.1
Shapeshifting  | 4 |  4.1
Fighting       | |  1.4
Short Blades   | |  0.9
Long Blades    | |  0.1
Ranged Weapons | |  0.9
Unarmed Combat | |  3.1
Spellcasting   | |  0.4
Invocations    | |  0.8

Action                     |  1- 3 |  4- 6 || total
---------------------------+-------+-------++-------
  Melee: Unarmed           |     5 |       ||     5
         Dagger            |    65 |    27 ||    92
   Fire: Sling             |     3 |    55 ||    58
Ability: Dig               |     2 |       ||     2
         Shaft Self        |       |     1 ||     1
    Use: Potion            |       |     6 ||     6
 Armour: Animal skin       |    13 |     6 ||    19
  Dodge: Dodged            |    48 |    38 ||    86

Table legend: (Time is in decaauts)
 A = Elapsed time spent in this place.
 B = Non-inter-level travel time spent in this place.
 C = Inter-level travel time spent in this place.
 D = Time resting spent in this place.
 E = Time spent auto-exploring this place.
 F = Levels seen in this place.
 G = Mean time per level.
                   A        B        C        D        E       F      G
               +--------+--------+--------+--------+--------+-----+--------+
         Total |   2300 |   2208 |     92 |    156 |   1638 |   3 |  766.7 |
       Dungeon |   2300 |   2208 |     92 |    156 |   1638 |   3 |  766.7 |
               +--------+--------+--------+--------+--------+-----+--------+

Top non-repeatable levels by time:
     D:2: 1166 daAuts
     D:1: 984 daAuts
     D:3: 149 daAuts
